 Dungeon Crawl Stone Soup version 0.27.1-33-g824d729ab1 (webtiles) character file.

Game seed: 12801591773911338567

7203 Gabide the Slinger (level 11, -4/84 HPs)
             Began as a Human Monk on Dec 11, 2021.
             Was an Elder of Okawaru.
             Killed from afar by an acid dragon (15 damage)
             ... with a splash of acid
             ... on level 10 of the Dungeon.
             The game lasted 00:22:53 (13168 turns).

Gabide the Slinger (Human Monk)                    Turns: 13168, Time: 00:22:54

Health: -4/84      AC: -1    Str: 20    XL:     11   Next: 32%
Magic:  13/13      EV: 15    Int: 10    God:    Okawaru [****..]
Gold:   339        SH:  0    Dex: 15    Spells: 10/10 levels left

rFire    . . .     SeeInvis .   f - +5 hunting sling (freeze)
rCold    . . .     Faith    .   (no shield)
rNeg     + . .     Spirit   .   j - +2 robe {Will+}
rPois    .         Reflect  .   a - +2 helmet of Exclusion {Str+4}
rElec    .         Harm     .   (no cloak)
rCorr    .         Rampage  .   (no gloves)
Will     +....                  l - +2 pair of boots
Stlth    +++.......             o - amulet of magic regeneration
HPRegen  0.24/turn              e - ring of positive energy
MPRegen  0.38/turn              (no ring)

@: corroded
A: no striking features
a: Renounce Religion, Heroism


You were on level 10 of the Dungeon.
You worshipped Okawaru.
Okawaru was greatly pleased with you.
You visited 2 branches of the dungeon, and saw 11 of its levels.

You collected 641 gold pieces.
You spent 302 gold pieces at shops.

Inventory:

Hand Weapons
 c - a +1 glaive
 f - a +5 hunting sling of freezing (weapon)
 i - a +4 trident of pain
 z - the +7 spear of the Tooth {vorpal, Fly Str-2 Int+2 Dex+2}
   (You found it on level 8 of the Dungeon)

   It inflicts extra damage upon your enemies.
   Str:       It affects your strength (-2).
   Int:       It affects your intelligence (+2).
   Dex:       It affects your dexterity (+2).
   Fly:       It grants you flight.
Missiles
 t - a throwing net
 y - 82 stones (quivered ammo)
Armour
 a - the +2 helmet of Exclusion (worn) {Str+4}
   (You bought it in a shop on level 5 of the Dungeon)

   Str:       It affects your strength (+4).
 j - a +2 robe of willpower (worn)
 l - a +2 pair of boots (worn)
Jewellery
 e - a ring of positive energy (left hand)
 o - an amulet of magic regeneration (around neck)
Wands
 d - a wand of flame (47)
 n - a wand of polymorph (25)
 x - a wand of paralysis (8)
 A - a wand of iceblast (8)
Scrolls
 m - 2 scrolls of amnesia
 s - 2 scrolls of teleportation
 v - a scroll of magic mapping
Potions
 g - 2 potions of brilliance
 h - a potion of berserk rage
 k - 2 potions of lignification
 p - a potion of mutation
 r - a potion of might
 u - a potion of invisibility
 w - a potion of curing
 B - 3 potions of heal wounds {unknown}


   Skills:
 + Level 7.6 Fighting
 + Level 8.7 Polearms
 * Level 10.1(10.2) Slings
 - Level 2.7(7.0) Throwing
 + Level 1.5 Armour
 + Level 6.2 Dodging
 + Level 4.1 Stealth
 * Level 3.4 Invocations


You had 10 spell levels left.
You didn't know any spells.
Your spell library contained the following spells:

 Spells                   Type           Power      Damage    Failure   Level
 Freeze                   Ice            0%         1d3       36%         1
 Sublimation of Blood     Necr           0%         N/A       50%         2
 Wereblood                Tmut           0%         N/A       50%         2
 Frozen Ramparts          Ice            0%         1d2       75%         3
 Animate Armour           Summ/Erth      0%         N/A       98%         4
 Hailstorm                Conj/Ice       0%         3d3       98%         4
 Olgreb's Toxic Radiance  Pois           0%         N/A       98%         4
 Petrify                  Tmut/Erth      0%         N/A       98%         4
 Blade Hands              Tmut           0%         N/A       100%        5
 Irradiate                Conj/Tmut      0%         3d13      100%        5
 Iron Shot                Conj/Erth      0%         9d1       100%        6
 Ozocubu's Refrigeration  Ice            0%         4d5       100%        7
 Summon Hydra             Summ           0%         N/A       100%        7
 Ignition                 Fire           0%         3d3       100%        8


Dungeon Overview and Level Annotations

Branches:
Dungeon (10/15)            Temple (1/1) D:7            Lair (0/6) D:9
    Orc: D:9-12

Altars:
Ashenzari
Cheibriados
Dithmenos
Elyvilon
Fedhas
Gozag
Hepliaklqana
Kikubaaqudgha
Makhleb
Nemelex Xobeh
Okawaru
Qazlal
Ru
Sif Muna
Uskayaw
Vehumet
Wu Jian
Yredelemnul
The Shining One

Shops:
D:3 !   D:5 *   D:6 (


Message History

The acid dragon is severely wounded.
The acid dragon closely misses you. The acid dragon misses you.
Okay, then.
Fire: 86 stones
Press: ? - help, Q - select action, (/) - cycle Shift-Dir - straight line, f/p - acid dragon
Aim: an acid dragon (severely wounded, 71% to hit)
You shoot a stone.
The stone barely misses the acid dragon.
The acid dragon closely misses you. The acid dragon claws you.
Fire: 85 stones
Press: ? - help, Q - select action, (/) - cycle Shift-Dir - straight line, f/p - acid dragon
Aim: an acid dragon (severely wounded, 71% to hit)
You shoot a stone.
The stone hits the acid dragon but does no damage.
The acid dragon is severely wounded.
Fire: 84 stones
Press: ? - help, Q - select action, (/) - cycle Shift-Dir - straight line, f/p - acid dragon
Aim: an acid dragon (severely wounded, 71% to hit)
You shoot a stone.
The stone closely misses the acid dragon.
The acid dragon bites you but does no damage.
The acid dragon claws you.
Fire: 83 stones
Press: ? - help, Q - select action, (/) - cycle Shift-Dir - straight line, f/p - acid dragon
Aim: an acid dragon (severely wounded, 71% to hit)
You shoot a stone. The stone hits the acid dragon.
The stone freezes the acid dragon.
The acid dragon is almost dead.
The acid dragon spits acid at you. The splash of acid hits you!
* * * LOW HITPOINT WARNING * * *
The acid corrodes you!
You are splashed with acid!
* * * LOW HITPOINT WARNING * * *
Unknown command.
Okay, then.
As you read the scroll of fear, it crumbles to dust.
You assume a fearsome visage.
The acid dragon looks frightened!
The acid dragon spits acid at you. The splash of acid hits you!
You die...

########.####.# #####
#......†....#)#########...##
#.######.##.........##.###.##
#.# #.###...####.#.## ##.#
#.# #.##.....# #...# #.# #.#
#.......## ###.## ##.# #.#
######.## ##.###.## ### #.#
##.[..# #@# ####.# #(# #.#
... #.# ...(. ####.# .....(.
##.##.# .........####...#.#
+....D....+........###
#....(..(.#..........#
#.###...>..#


You could see an acid dragon (fleeing, catching breath).

Vanquished Creatures
  A komodo dragon (D:9)
  A wyvern (D:9)
  8 yaks
  A wraith (D:9)
  A steam dragon (D:6)
  2 vampire mosquitoes (D:9)
  2 acid dragons
  2 water moccasins
  A sky beast (D:7)
  4 ice beasts
  4 orc warriors
  4 necrophages
  2 ogres
  5 black bears (D:9)
  3 phantoms
  9 centaurs
  3 bullfrogs
  2 gnoll sergeants
  A wyvern skeleton (D:7)
  6 scorpions
  A water moccasin skeleton (D:6)
  5 killer bees (D:9)
  3 centaur zombies
  2 centaur skeletons (D:6)
  3 jellies
  2 hounds
  A gnoll shaman (D:9)
  4 orc priests
  An iguana (D:4)
  7 orc wizards
  A hound zombie (D:5)
  A hound skeleton (D:4)
  13 gnolls
  3 adders
  An ufetubus (D:6)
  4 worms (D:3)
  2 adder skeletons (D:4)
  7 dart slugs
  33 orcs
  5 ball pythons
  5 endoplasms
  4 giant cockroaches
  6 goblins
  8 hobgoblins
  3 jackals (D:4)
  A quokka (D:3)
  7 bats
  5 frilled lizards
  6 kobolds
  7 rats
213 creatures vanquished.

Vanquished Creatures (others)
  A hound (D:6)
  An orc (D:6)
  30 fungi (D:9)
  39 plants
71 creatures vanquished.

Grand Total: 284 creatures vanquished

Notes
Turn   | Place    | Note
-------+----------+-------------------------------------------
     0 | D:1      | Gabide the Human Monk began the quest for the Orb.
     0 | D:1      | Reached XP level 1. HP: 18/18 MP: 1/1
   200 | D:1      | Reached XP level 2. HP: 24/24 MP: 2/2
   756 | D:1      | Reached skill level 1 in Armour
   756 | D:1      | Reached XP level 3. HP: 29/29 MP: 3/3
   858 | D:1      | Found a faded altar of an unknown god.
  1772 | D:2      | Reached XP level 4. HP: 22/35 MP: 4/4
  2776 | D:3      | Reached XP level 5. HP: 23/41 MP: 5/5
  3023 | D:3      | Found Zayl Nausme's Distillery.
  3267 | D:3      | Bought 2 potions of might for 112 gold pieces
  3882 | D:3      | Found a radiant altar of Vehumet.
  4203 | D:4      | Reached XP level 6. HP: 9/47 MP: 6/6
  5251 | D:3      | Reached skill level 5 in Polearms
  5518 | D:4      | Found an ornate altar of the Wu Jian Council.
  5579 | D:5      | Entered Level 5 of the Dungeon
  5588 | D:5      | Found Xos Holy's Assorted Antiques.
  5660 | D:5      | Noticed an ice beast
  5660 | D:5      | Noticed a necrophage
  5666 | D:5      | Killed a necrophage
  5667 | D:5      | Reached XP level 7. HP: 49/54 MP: 7/7
  5988 | D:5      | Reached XP level 8. HP: 37/61 MP: 8/8
  6206 | D:5      | Reached skill level 5 in Fighting
  6206 | D:5      | Reached skill level 1 in Throwing
  6331 | D:5      | Reached skill level 5 in Dodging
  6335 | D:5      | Gained mutation: You are frail. (-10% HP) [potion of
                  | mutation]
  6335 | D:5      | Lost mutation: You are frail. (-10% HP) [potion of
                  | mutation]
  7156 | D:5      | Reached XP level 9. HP: 41/69 MP: 9/9
  7648 | D:6      | Found Zeulent's Antique Weapon Shop.
  8745 | D:6      | Identified a scroll of acquirement
  8745 | D:6      | Acquired a +5 hunting sling of freezing
  8935 | D:5      | Bought an encrusted helmet for 190 gold pieces
  8935 | D:5      | Identified the +2 helmet of Exclusion {Str+4} (You bought
                  | it in a shop on level 5 of the Dungeon)
  9100 | D:7      | Reached skill level 1 in Slings
  9134 | D:7      | Reached skill level 2 in Slings
  9150 | D:7      | Found a shadowy altar of Dithmenos.
  9492 | D:7      | Reached skill level 3 in Slings
  9616 | D:7      | Reached XP level 10. HP: 77/77 MP: 10/10
  9644 | D:7      | Found a staircase to the Ecumenical Temple.
  9832 | Temple   | Entered the Ecumenical Temple
  9859 | Temple   | Became a worshipper of Warmaster Okawaru
  9859 | Temple   | Reached * piety under Okawaru
  9859 | Temple   | Reached ** piety under Okawaru
 10222 | D:7      | Reached skill level 4 in Slings
 10325 | D:8      | Identified the +7 spear of the Tooth {vorpal, Fly Str-2
                  | Int+2 Dex+2}
 10488 | D:8      | Reached skill level 5 in Slings
 10718 | D:8      | Reached skill level 1 in Invocations
 10846 | D:8      | Reached skill level 6 in Slings
 11369 | D:9      | Reached *** piety under Okawaru
 11673 | D:9      | Found a staircase to the Lair.
 11684 | D:9      | Reached skill level 7 in Slings
 11791 | D:9      | Noticed a komodo dragon
 11808 | D:9      | Killed a komodo dragon
 11809 | D:9      | Reached skill level 8 in Slings
 12161 | D:9      | Reached XP level 11. HP: 72/84 MP: 13/13
 12347 | D:9      | Reached **** piety under Okawaru
 12463 | D:9      | Reached skill level 9 in Slings
 12887 | D:10     | Entered Level 10 of the Dungeon
 12993 | D:10     | Reached skill level 10 in Slings
 13168 | D:10     | Killed from afar by an acid dragon

Illustrated notes

Levels and vault maps discovered:
D:1:      lemuel_arrival_river_bridge, layout_basic,
          shapermc_ecumenical_altar_mp_vishouse
D:2:      layout_basic, chequers_big_river, minmay_pentomino_p4
D:3:      layout_loops_corners, lemuel_coloured_pillars_altar, serial_shops,
          shop_coins
D:4:      layout_rooms, nzn_wu_jian_council_hall
D:5:      layout_basic, serial_shops, shop_fountains,
          nicolae_ossuary_entry_false_entrances
D:6:      layout_basic, serial_shops, nicolae_shop_stone
D:7:      layout_basic, grunt_dithmenos_smoke_and_mirrors,
          minmay_temple_entry_enclosed_plants, grunt_decor_cap,
          solitary_fountain
D:8:      layout_gridville
D:9:      layout_roguey, due_lair_maze_entry_diamond, kennysheep_generic_room_3
D:10:     layout_loops_corners, trog_butcher_becter, nicolae_xom_altar_mimics,
          zin_academy, minmay_misc_feat_more_columns,
          ebering_dispersal_statue_hall, minivault_12
Temple:   regret_index_temple_sphere_string

Skill      XL: |  1  2  3  4  5  6  7  8  9 10 11 |
---------------+----------------------------------+-----
Armour         | 1 |  1.5
Polearms       | 4 5 7 8 |  8.7
Stealth        | 3 4 |  4.1
Dodging        | 4 5 6 |  6.2
Fighting       | 4 5 6 7 |  7.6
Throwing       | 2 |  2.7
Slings         | 3 8 10 | 10.1
Invocations    | 3 |  3.4

Action                   |  1- 3 |  4- 6 |  7- 9 | 10-12 || total
-------------------------+-------+-------+-------+-------++-------
Melee: Spear             |   145 |   317 |       |       ||   462
       Glaive            |       |     7 |   211 |       ||   218
 Fire: Hunting sling     |       |       |    54 |   300 ||   354
Throw: Javelin           |       |     4 |     8 |       ||    12
       Boomerang         |       |       |    27 |       ||    27
Invok: Heroism           |       |       |       |     1 ||     1
Evoke: Wand              |       |       |     1 |       ||     1
  Use: Scroll            |     1 |     5 |    10 |     5 ||    21
       Potion            |       |     7 |     3 |       ||    10
 Stab: Sleeping          |     3 |     8 |     1 |       ||    12
       Paralysed         |       |       |     1 |       ||     1
Armor: Ring mail         |    38 |       |       |       ||    38
       Robe              |     8 |    94 |    72 |    27 ||   201
Dodge: Dodged            |    80 |   143 |   203 |    66 ||   492
